 Seeded DCSS version 0.30-a0-368-g86fb4627a9 (webtiles) character file.

Game seed: 4866231847754521613 (custom seed)

298 purpskrrrp the Trooper (level 6, -1/72 HPs)
             Began as a Demonspawn Fighter on Nov 18, 2022.
             Was a Follower of Jiyva.
             Slain by Dowan
             ... wielding a +0 dagger
              (2 damage)
             ... on level 4 of the Dungeon.
             The game lasted 00:05:09 (2978 turns).

purpskrrrp the Trooper (Demonspawn Fighter)         Turns: 2978, Time: 00:05:10

Health: -1/72      AC: 12    Str: 22    XL:     6   Next: 13%
Magic:  5/5        EV:  9    Int:  9    God:    Jiyva [*.....]
Gold:   967        SH:  0    Dex: 11    Spells: 5/5 levels left

rFire   x . .      SeeInvis +    j - +0 great mace (protect)
rCold   + . .      Faith    .    (shield currently unavailable)
rNeg    . . .      Spirit   .    b - +1 scale mail
rPois   .          Reflect  .    (no helmet)
rElec   .          Harm     .    g - +2 cloak {Will+}
rCorr   .          Rampage  .    (no gloves)
Will    +....                    (no boots)
Stlth   ..........               (no amulet)
HPRegen 1.12/turn                m - ring of ice
MPRegen 0.34/turn                n - ring of see invisible

@: berserking, lethally poisoned (-1 -> -1), very quick
A: sharp scales 1, demonic touch 1, camouflage 1, low MP 1, strong 1
a: Renounce Religion


You were on level 4 of the Dungeon.
You worshipped Jiyva.
Jiyva was aware of your devotion.
You visited 1 branch of the dungeon, and saw 4 of its levels.

You collected 967 gold pieces.

Inventory:

Hand Weapons
 a - a +0 flail
 j - a +0 great mace of protection (weapon)
Armour
 b - a +1 scale mail (worn)
 c - a +0 buckler
 g - a +2 cloak of willpower (worn)
Jewellery
 m - a ring of ice (left hand)
 n - a ring of see invisible (right hand)
Wands
 q - a wand of flame (15)
Scrolls
 e - a scroll of noise
 h - 2 scrolls of teleportation
 k - a scroll of magic mapping
 l - a scroll of poison
Potions
 d - a potion of might
 f - 2 potions of degeneration
 i - a potion of attraction
 o - 3 potions of lignification
 p - a potion of curing {unknown}


   Skills:
 + Level 4.1 Fighting
 * Level 3.9 Maces & Flails
 + Level 3.7 Armour
 + Level 1.6 Stealth
 - Level 3.0 Shields


You had 5 spell levels left.
You didn't know any spells.
Your spell library was empty.

Dungeon Overview and Level Annotations

Branches:
Dungeon (4/15)
 Temple: D:4-7

Altars:
Hepliaklqana
Jiyva

Annotations:
D:4 Dowan


Innate Abilities, Weirdness & Mutations

You are partially covered in razor-sharp scales. (AC +1, Slay +1)
Your touch may inflict minor irresistible damage on your foes.
Your skin changes colour to match your surroundings (Stealth+).
Your magical capacity is low. (-10% MP)
Your muscles are strong. (Str +4, Int/Dex -1)


Message History

You are too injured to fight recklessly!
You are too injured to fight recklessly!
You are too injured to fight recklessly!
You are too injured to fight recklessly!
You are too injured to fight recklessly!
You are too injured to fight recklessly!
Dowan attacks as you move away! Dowan hits you but does no damage.
* * * LOW HITPOINT WARNING * * *
You feel very sick.
Duvessa gestures with her weapon.
* * * LOW HITPOINT WARNING * * *
You feel very sick.
It was a potion of berserk rage.
A red film seems to cover your vision as you go berserk!
You feel yourself moving faster!
You feel mighty!
* * * LOW HITPOINT WARNING * * *
You feel very sick. Duvessa barely misses you.
You closely miss Duvessa.
Duvessa is almost dead.
* * * LOW HITPOINT WARNING * * *
You feel very sick. Duvessa closely misses you.
You bludgeon Duvessa!!
Your weapon exudes an aura of protection.
You kill Duvessa!
Dowan's eyes darken. "You have made a black mistake."
Dowan seems to find hidden reserves of power!
You feel very sick. Dowan hits you but does no damage.
Your Fighting skill increases to level 4!
You have reached level 6!
Your demonic ancestry asserts itself...
Sharp scales grow over part of your body.
You miss Dowan.
You feel sick. Dowan hits you with a +0 dagger.
* * * LOW HITPOINT WARNING * * *
You are too berserk!
You closely miss Dowan.
You feel sick. Dowan hits you but does no damage.
You miss Dowan.
You feel sick. Dowan hits you with a +0 dagger.
You die...

.... ............#
#..# #..........# #
#.......#..###..###...
.. ...##.............#
##.##.####..###..#####
#.......##.......#
#............#
.....##e########## #.#
#@# #.# .)# ####


You could see Dowan (fast).

Vanquished Creatures
  Duvessa (D:4)
  2 orc wizards
  An iguana (D:2)
  3 adders
  3 dart slugs
  10 orcs
  7 endoplasms
  2 giant cockroaches (D:3)
  5 goblins
  7 hobgoblins
  4 jackals (D:1)
  5 kobolds
  2 quokkas
  5 ball pythons
  10 bats
  A frilled lizard (D:1)
  7 rats
75 creatures vanquished.

Vanquished Creatures (others)
  A dart slug (D:4)
  8 withered plants (D:3)
9 creatures vanquished.

Grand Total: 84 creatures vanquished

Notes
Turn   | Place    | Note
-------+----------+-------------------------------------------
     0 | D:1      | purpskrrrp the Demonspawn Fighter began the quest for the
                  | Orb.
     0 | D:1      | Reached XP level 1. HP: 18/18 MP: 1/1
   150 | D:1      | Gained mutation: Your touch may inflict minor irresistible
                  | damage on your foes. [demonic ancestry]
   150 | D:1      | Reached XP level 2. HP: 24/24 MP: 2/2
   448 | D:1      | Reached XP level 3. HP: 23/29 MP: 3/3
   961 | D:1      | Identified a scroll of acquirement
   961 | D:1      | Acquired 729 gold pieces
  1064 | D:2      | Gained mutation: You are agile. (Dex +4, Str/Int -1)
                  | [potion of mutation]
  1133 | D:2      | Lost mutation: You are agile. (Dex +4, Str/Int -1) [potion
                  | of mutation]
  1133 | D:2      | Gained mutation: You have a somewhat thin skeletal
                  | structure. (Dex +2, Stealth+) [potion of mutation]
  1133 | D:2      | Gained mutation: You are weak. (Str -2) [potion of
                  | mutation]
  1133 | D:2      | Gained mutation: Your magical capacity is low. (-10% MP)
                  | [potion of mutation]
  1133 | D:2      | Gained mutation: You are agile. (Dex +4, Str/Int -1)
                  | [potion of mutation]
  1260 | D:2      | Acquired a +1 cloak of willpower
  1271 | D:2      | Lost mutation: You have a somewhat thin skeletal structure.
                  | (Dex +2, Stealth+) [potion of mutation]
  1271 | D:2      | Lost mutation: You are weak. (Str -2) [potion of mutation]
  1271 | D:2      | Lost mutation: You are agile. (Dex +4, Str/Int -1) [potion
                  | of mutation]
  1271 | D:2      | Gained mutation: Your skin changes colour to match your
                  | surroundings (Stealth+). [potion of mutation]
  1271 | D:2      | Gained mutation: Your muscles are strong. (Str +4, Int/Dex
                  | -1) [potion of mutation]
  1344 | D:2      | Reached XP level 4. HP: 36/36 MP: 3/3
  1857 | D:3      | Found a hazy altar of Hepliaklqana.
  2453 | D:3      | Reached XP level 5. HP: 26/42 MP: 4/4
  2654 | D:3      | Found a faded altar of an unknown god.
  2810 | D:3      | Prayed at the altar of an unknown god.
  2810 | D:3      | Became a worshipper of Jiyva Jotasuyb the Shapeless
  2810 | D:3      | Reached * piety under Jiyva
  2932 | D:4      | Reached skill level 1 in Stealth
  2963 | D:4      | Noticed Duvessa
  2965 | D:4      | Noticed Dowan
  2975 | D:4      | Killed Duvessa
  2976 | D:4      | Reached skill level 4 in Fighting
  2976 | D:4      | Gained mutation: You are partially covered in razor-sharp
                  | scales. (AC +1, Slay +1) [demonic ancestry]
  2976 | D:4      | Reached XP level 6. HP: 5/48 MP: 5/5
  2976 | D:4      | HP: 2/72 [Dowan/+0 dagger (2)]
  2978 | D:4      | Slain by Dowan

Illustrated notes

Levels and vault maps discovered:
D:1:      dpeg_arrival_arbitrary_c, layout_basic
D:2:      layout_loops_ring, kennysheep_minor_cross
D:3:      minmay_chambers_of_twos, layout_loops_ring, overflow_temple_1_default,
          ebering_ecumenical_altar_petrified
D:4:      layout_loops_cross, gammafunk_temple_overflow_elements, dk_vineyard_3,
          uniq_grinder, uniq_natasha, uniq_duvessa

Skill      XL: |  1  2  3  4  5 |
---------------+----------------+-----
Maces & Flails | 2 3 |  3.9
Shields        | 3 |  3.0
Armour         | 3 |  3.7
Stealth        | 1 |  1.6
Fighting       | 4 |  4.1

Action                   |  1- 3 |  4- 6 || total
-------------------------+-------+-------++-------
Melee: Flail             |    10 |       ||    10
       Great mace        |   121 |   125 ||   246
  Use: Scroll            |     8 |     7 ||    15
       Potion            |     3 |     1 ||     4
Armor: Scale mail        |   167 |   108 ||   275
Dodge: Dodged            |   160 |    98 ||   258
Block: Buckler           |     1 |       ||     1

Table legend: (Time is in decaauts)
 A = Elapsed time spent in this place.
 B = Non-inter-level travel time spent in this place.
 C = Inter-level travel time spent in this place.
 D = Time resting spent in this place.
 E = Time spent auto-exploring this place.
 F = Levels seen in this place.
 G = Mean time per level.
                   A        B        C        D        E       F      G
               +--------+--------+--------+--------+--------+-----+--------+
         Total |   3117 |   3051 |     66 |    148 |   2251 |   4 |  779.2 |
       Dungeon |   3117 |   3051 |     66 |    148 |   2251 |   4 |  779.2 |
               +--------+--------+--------+--------+--------+-----+--------+

Top non-repeatable levels by time:
     D:3: 1169 daAuts
     D:1: 1045 daAuts
     D:2: 843 daAuts
     D:4: 59 daAuts
